 Dungeon Crawl Stone Soup version 0.31-a0-833-gc15d34cb79 (webtiles) character file.

Game seed: 17265428420514319696

25 Kurtz the Chopper (level 3, -1/26 HPs)
             Began as an Octopode Fighter on Sept 25, 2023.
             Slain by a gnoll
             ... wielding a +0 flail
              (11 damage)
             ... on level 1 of the Dungeon.
             The game lasted 00:00:28 (893 turns).

Kurtz the Chopper (Octopode Fighter)                 Turns: 893, Time: 00:00:29

Health: -1/26      AC:  1    Str: 17    XL:     3   Next: 6%
Magic:  3/3        EV: 13    Int: 10    God:
Gold:   9          SH:  4    Dex: 11    Spells: 2/2 levels left

rFire   . . .        a - +0 war axe
rCold   . . .        b - +0 buckler
rNeg    . . .        (helmet restricted)
rPois   .            (no amulet)
rElec   .            (no ring)
rCorr   .            (no ring)
SInv    .            (no ring)
Will    .....        (no ring)
Stlth   ++           (no ring)
HPRegen 0.24/turn    (no ring)
MPRegen 0.08/turn    (no ring)
                     (no ring)

%: no passive effects
@: no status effects
A: almost no armour, amphibious, 8 rings, camouflage 1, gelatinous body 1,
(nimble swimmer 1), tentacles
a: no special abilities


You were on level 1 of the Dungeon.
You visited 1 branch of the dungeon, and saw 2 of its levels.

You collected 9 gold pieces.

Inventory:

Hand Weapons
 a - a +0 war axe (weapon)
Armour
 b - a +0 buckler (worn)
Scrolls
 g - a scroll of vulnerability {unknown}
 h - a scroll of poison {unknown}
 i - a scroll of fear {unknown}
Potions
 c - 3 potions of might
 d - a potion of haste {unknown}
 e - a potion of curing {unknown}
 f - a potion of heal wounds {unknown}


   Skills:
 - Level 3.0 Fighting
 * Level 3.4 Axes
 - Level 3.0 Dodging
 - Level 3.0 Shields


You had 2 spell levels left.
You didn't know any spells.
Your spell library contained the following spells:

 Spells                   Type           Power      Damage    Failure   Level
 Apportation              Tloc           0%         N/A       43%         1
 Jinxbite                 Hex            0%         N/A       58%         2
 Alistair's Intoxication  Tmut/Pois      0%         N/A       100%        5


Dungeon Overview and Level Annotations

Branches:
Dungeon (2/15)

Altars:


Innate Abilities, Weirdness & Mutations

You cannot wear most types of armour.
You are amphibious.
You can wear up to eight rings at the same time.
Your skin changes colour to match your surroundings (Stealth+).
Your rubbery body absorbs attacks. (AC +1, EV +1)
((You are camouflaged when in or above water. (Stealth+)))
You have tentacles for arms and can constrict up to eight enemies at once.


Message History

You kill the kobold!
There are monsters nearby!
A gnoll comes into view.
It is wielding a +0 flail and wearing the +0 robe of Philately {Fly rElec Archmagi}.
Things that are here:
a +0 short sword; a kobold corpse The endoplasm freezes you.
You are frozen.
A gnoll comes into view. It is wielding a +0 spear.
A gnoll comes into view. It is wielding a +0 club.
A worm comes into view.
There are monsters nearby!
The gnoll shouts! x2
You hit the endoplasm. You squeeze the endoplasm.
You kill the endoplasm!
The gnoll hits you from afar with a +0 halberd!
The gnoll completely misses you.
There are monsters nearby!
The gnoll barely misses you.
There are monsters nearby!
You hit the gnoll. Your grab misses the gnoll.
The gnoll is moderately wounded.
You hit the gnoll. The gnoll barely misses you.
Unknown command.
Found a pair of gloves.
The gnoll closely misses you.
The gnoll hits you from afar with a +0 halberd.
There is a stone staircase leading up here.
You block the gnoll's attack. The gnoll closely misses you.
You climb upwards.
There is a stone staircase leading down here.
You hit the gnoll but do no damage. Your grab misses the gnoll.
The gnoll is lightly wounded.
The gnoll barely misses you.
You barely miss the gnoll. Your grab misses the gnoll. You squeeze the gnoll.
The gnoll is moderately wounded.
The gnoll hits you with a +0 flail! The gnoll barely misses you.
You are too injured to fight recklessly!
You closely miss the gnoll. Your grab misses the gnoll.
The gnoll is moderately wounded.
The gnoll hits you with a +0 flail!
You die...

# # ### ..################
..'............g@####
..##..##########....#
..##.###########....#
....................#
..###########.......#
).#...)..# #.......#
###.#'##.####......##
....#.##......############
#####'#######.#..........#


You could see a gnoll.

Vanquished Creatures
  2 dart slugs (D:1)
  A ball python (D:1)
  3 endoplasms
  A giant cockroach (D:1)
  A goblin (D:1)
  3 hobgoblins (D:1)
  2 jackals (D:1)
  3 kobolds
  2 rats (D:1)
18 creatures vanquished.

Notes
Turn   | Place    | Note
-------+----------+-------------------------------------------
     0 | D:1      | Kurtz the Octopode Fighter began the quest for the Orb.
     0 | D:1      | Reached XP level 1. HP: 16/16 MP: 1/1
   139 | D:1      | Reached XP level 2. HP: 16/21 MP: 2/2
   729 | D:1      | Reached XP level 3. HP: 17/26 MP: 3/3
   880 | D:2      | Identified the +0 robe of Philately {Fly rElec Archmagi}
   893 | D:1      | Slain by a gnoll

Illustrated notes

Levels and vault maps discovered:
D:1:      matt_arrival_los_fun, layout_basic
D:2:      layout_rooms, serial_shops, nicolae_shop_trees, basic_altar

Skill      XL: |  1  2 |
---------------+-------+-----
Axes           | 3 |  3.4
Fighting       | |  3.0
Dodging        | |  3.0
Shields        | |  3.0

Action                     || total
---------------------------++-------
  Melee: War axe           ||    33
         Constrict         ||     5
         Tentacles         ||     3
   Stab: Sleeping          ||     7
 Armour: Skin              ||    13
  Dodge: Dodged            ||    14
  Block: Buckler           ||     6

Table legend: (Time is in decaauts)
 A = Elapsed time spent in this place.
 B = Non-inter-level travel time spent in this place.
 C = Inter-level travel time spent in this place.
 D = Time resting spent in this place.
 E = Time spent auto-exploring this place.
 F = Levels seen in this place.
 G = Mean time per level.
                   A        B        C        D        E       F      G
               +--------+--------+--------+--------+--------+-----+--------+
         Total |    905 |    887 |     18 |      0 |    754 |   2 |  452.5 |
       Dungeon |    905 |    887 |     18 |      0 |    754 |   2 |  452.5 |
               +--------+--------+--------+--------+--------+-----+--------+

Top non-repeatable levels by time:
     D:1: 890 daAuts
     D:2: 15 daAuts
